 Dungeon Crawl Stone Soup version 0.27-a0-1187-ge80a49f48c (webtiles) character file.

Game seed: 7375225657848233537

30 Acheron the Sneak (level 3, -3/23 HPs)
             Began as a Gargoyle Delver on May 20, 2021.
             Slain by a bullfrog skeleton (4 damage)
             ... on level 5 of the Dungeon.
             The game lasted 00:03:56 (303 turns).

Acheron the Sneak (Gargoyle Delver)                  Turns: 303, Time: 00:03:57

Health: -3/23      AC:  6    Str: 15    XL:     3   Next: 18%
Magic:  3/3        EV: 11    Int: 10    God:
Gold:   0          SH:  0    Dex: 12    Spells: 3/3 levels left

rFire    . . .     SeeInvis .   a - +0 hand axe
rCold    . . .     Faith    .   (no shield)
rNeg     + . .     Spirit   .   b - +0 leather armour
rPois    ∞         Reflect  .   (no helmet)
rElec    +         Harm     .   (no cloak)
rCorr    .         Rampage  .   (no gloves)
Will     .....                  (no boots)
Stlth    +++.......             (no amulet)
HPRegen  0.07/turn              (no ring)
MPRegen  0.08/turn              (no ring)

@: no status effects
A: sickness immunity, AC +3, negative energy resistance 1, electricity
resistance, torment resistance 1, petrification resistance
a: no special abilities


You were on level 5 of the Dungeon.
You visited 1 branch of the dungeon, and saw 1 of its levels.

Inventory:

Hand Weapons
 a - a +0 hand axe (weapon)
 f - a +0 spear
   (You found it on level 5 of the Dungeon)
Armour
 b - a +0 leather armour (worn)
Wands
 v - a wand of digging (3)
Scrolls
 c - a scroll of fog
 e - a scroll of fear


   Skills:
 + Level 3.5 Fighting
 + Level 2.0 Axes
 + Level 0.9 Armour
 + Level 1.8 Dodging
 + Level 5.6 Stealth
 + Level 0.6 Spellcasting
 + Level 0.6 Evocations


You had 3 spell levels left.
You didn't know any spells.
Your spell library was empty.

Dungeon Overview and Level Annotations

Branches:
Dungeon (5/15)
 Temple: D:4-7

Altars:


Innate Abilities, Weirdness & Mutations

You are immune to sickness and miasma.
Your stone body is resilient. (AC +3)
You are immune to poison.
You resist negative energy. (rN+)
You are resistant to electric shocks. (rElec)
You are resistant to unholy torment.
You are immune to petrification.


Message History

You closely miss the hound. The hound bites you.
* * * LOW HITPOINT WARNING * * *
You hit the hound.
You kill the hound!
Your Axes skill increases to level 2!
You have reached level 2!
You have reached level 3!
Your experience leads to an increase in your attributes!
Increase (S)trength, (I)ntelligence, or (D)exterity?
Uppercase letters only, please.
You feel agile.
You start resting.
Your extra speed is starting to run out.
You feel yourself slow down.
You start resting.
You see here a hound corpse.
Found a spear.
You see here a +0 spear.
f - a +0 spear A bullfrog skeleton comes into view.
You are not religious.
The helpless bullfrog skeleton fails to defend itself.
You hit the bullfrog skeleton.
The bullfrog skeleton hits you but does no damage.
You hit the bullfrog skeleton but do no damage.
The bullfrog skeleton hits you.
The bullfrog skeleton barely misses you.
You barely miss the bullfrog skeleton.
The bullfrog skeleton barely misses you.
You barely miss the bullfrog skeleton. The bullfrog skeleton hits you. x2
* * * LOW HITPOINT WARNING * * *
You hit the bullfrog skeleton. The bullfrog skeleton hits you.
* * * LOW HITPOINT WARNING * * *
The bullfrog skeleton hits you but does no damage.
You hit the bullfrog skeleton. The bullfrog skeleton hits you.
* * * LOW HITPOINT WARNING * * *
You hit the bullfrog skeleton.
The bullfrog skeleton hits you but does no damage. x2
You barely miss the bullfrog skeleton.
The bullfrog skeleton hits you but does no damage.
You hit the bullfrog skeleton. The bullfrog skeleton hits you.
* * * LOW HITPOINT WARNING * * *
The bullfrog skeleton hits you.
* * * LOW HITPOINT WARNING * * *
The bullfrog skeleton hits you but does no damage.
As you read the scroll of magic mapping, it crumbles to dust.
You feel aware of your surroundings.
The bullfrog skeleton completely misses you.
The bullfrog skeleton hits you.
You die...

≈≈**** *,* *,,,,,*
≈*≈****
*,***,*****
***≈#.****,**,,,**
***≈+..**,*,,,*,,*
*≈≈**...,***,***,*
*****,..#* *#,*,,*
**,#.###.,,,**
*,##.#.########
*,#.......Z@..#
*,#.#..######.#
*,*,#..# #.#
#.#.#..## #.# *
#.#.#...# #.# **
*...##..# #.#
,*#####..##..# #.#
,,...........# #.#
***,.....###.# #.#


You could see a bullfrog skeleton.

Vanquished Creatures
  A hound (D:5)
1 creature vanquished.

Notes
Turn   | Place    | Note
-------+----------+-------------------------------------------
     0 | D:5      | Acheron the Gargoyle Delver began the quest for the Orb.
     0 | D:5      | Reached XP level 1. HP: 14/14 MP: 1/1
     2 | D:5      | Noticed a hound
    28 | D:5      | Killed a hound
    29 | D:5      | Reached XP level 2. HP: 6/19 MP: 2/2
    29 | D:5      | Reached XP level 3. HP: 8/23 MP: 3/3
   297 | D:5      | HP: 1/23 [bullfrog skeleton (1)]
   303 | D:5      | Slain by a bullfrog skeleton

Illustrated notes

Levels and vault maps discovered:
D:5:      layout_loops_ring, saegor_snake_ambush, uniq_ijyb

Skill      XL: |  1 |
---------------+----+-----
Axes           | 2 |  2.0
Fighting       | |  3.5
Armour         | |  0.9
Dodging        | |  1.8
Stealth        | |  5.6
Spellcasting   | |  0.6
Evocations     | |  0.6

Action                   || total
-------------------------++-------
Melee: Hand axe          ||    15
  Use: Potion            ||     1
       Scroll            ||     1
 Stab: Sleeping          ||     1
Armor: Leather armour    ||     7
Dodge: Dodged            ||     7

Table legend: (Time is in decaauts)
 A = Elapsed time spent in this place.
 B = Non-inter-level travel time spent in this place.
 C = Inter-level travel time spent in this place.
 D = Time resting spent in this place.
 E = Time spent auto-exploring this place.
 F = Levels seen in this place.
 G = Mean time per level.
                   A        B        C        D        E       F      G
               +--------+--------+--------+--------+--------+-----+--------+
         Total |    287 |    287 |      0 |    208 |      0 |   1 |  287.0 |
       Dungeon |    287 |    287 |      0 |    208 |      0 |   1 |  287.0 |
               +--------+--------+--------+--------+--------+-----+--------+

Top non-repeatable levels by time:
     D:5: 287 daAuts
